 Dungeon Crawl Stone Soup version 0.19-b1-3-g7dea586 (webtiles) character file.

305 tv1990 the Chopper (level 6, -4/47 HPs)
             Began as a Formicid Monk on Oct 28, 2016.
             Was a Believer of Okawaru.
             Slain by Edmund
             ... wielding a +4 dire flail of draining
              (5 damage)
             ... on level 4 of the Dungeon.
             The game lasted 00:09:28 (2662 turns).

tv1990 the Chopper (Formicid Monk)                  Turns: 2662, Time: 00:09:28

Health: -4/47      AC: 13    Str: 15    XL:     6   Next: 66%
Magic:  6/6        EV: 14    Int: 10    God:    Okawaru [**....]
Gold:   113        SH:  0    Dex: 20    Spells: 0 memorised, 5 levels left

rFire  . . .     SeeInvis +     a - +0 hand axe
rCold  . . .     Gourm    .     i - +1 scale mail
rNeg   . . .     Faith    .     (no shield)
rPois  .         Spirit   .     (helmet unavailable)
rElec  .         Reflect  .     (no cloak)
rCorr  .         Harm     .     (no gloves)
MR     .....                    (no boots)
Stlth  ++........               (no amulet)
                                (no ring)
                                d - +6 ring of protection

@: agile, heavily drained
A: permanent stasis, dig shafts and tunnels, four strong arms, antennae 3
a: Dig, Shaft Self, Heroism, Renounce Religion


You were on level 4 of the Dungeon.
You worshipped Okawaru.
Okawaru was pleased with you.
You were not hungry.

You visited 1 branch of the dungeon, and saw 4 of its levels.

You collected 113 gold pieces.

Inventory:

Hand Weapons
 a - a +0 hand axe (weapon)
Armour
 i - a +1 scale mail (worn)
Jewellery
 d - a +6 ring of protection (left hand)
Wands
 k - a wand of iceblast (1/15)
Scrolls
 e - a scroll of enchant armour
 f - 2 scrolls of magic mapping
Comestibles
 c - 4 bread rations
 j - a meat ration


   Skills:
 - Level 3.2(1.6) Fighting
 + Level 7.0(5.1) Axes
 - Level 2.6(1.0) Dodging
 - Level 2.4(0.8) Stealth


You had 5 spell levels left.
You didn't know any spells.

Dungeon Overview and Level Annotations

Branches:
Dungeon (4/15)
 Temple: D:4-7

Altars:
Cheibriados
Okawaru
Sif Muna

Annotations:
D:4 Edmund


Innate Abilities, Weirdness & Mutations

You are under a permanent stasis effect.
You can dig through walls and to a lower floor.
Your four strong arms can wield two-handed weapons with a shield.
You have a pair of large antennae on your head. (SInv)


Message History

Edmund hits you but does no damage.
You hit Edmund but do no damage.
Edmund is severely wounded.
Edmund hits you but does no damage.
You hit Edmund.
Edmund is severely wounded.
Edmund hits you but does no damage.
You closely miss Edmund.
Edmund is severely wounded.
Edmund hits you but does no damage.
You hit Edmund.
Edmund is almost dead.
Edmund hits you with a dire flail of draining.
* * * LOW HITPOINT WARNING * * *
You hit Edmund but do no damage.
Edmund is almost dead.
You feel less woody.
Your +1 scale mail unmelds from your body.
Edmund hits you with a dire flail of draining.
You die...

### #..
# #.# #.
#.#
##.##.#
##...#<#
#...@@.#
#......#
#......#
##...#.#
#####.#
#.# #.#
.#


You could see Edmund.

Vanquished Creatures
  Sigmund (D:2)
  7 adders
  3 worms
  2 dart slugs
  A leopard gecko (D:2)
  An orc (D:3)
  A giant cockroach (D:2)
  8 goblins
  11 hobgoblins
  3 jackals (D:3)
  2 ball pythons (D:1)
  9 bats
  4 frilled lizards
  4 kobolds
  10 rats
67 creatures vanquished.

Vanquished Creatures (others)
  7 toadstools (D:1)
7 creatures vanquished.

Grand Total: 74 creatures vanquished

Notes
Turn   | Place    | Note
-------+----------+-------------------------------------------
     0 | D:1      | tv1990 the Formicid Monk began the quest for the Orb.
     0 | D:1      | Reached XP level 1. HP: 18/18 MP: 1/1
   195 | D:1      | Reached XP level 2. HP: 19/24 MP: 2/2
   201 | D:1      | Found an iron altar of Okawaru.
   236 | D:1      | Became a worshipper of Warmaster Okawaru
   236 | D:1      | Reached * piety under Okawaru
   236 | D:1      | Reached ** piety under Okawaru
   713 | D:2      | Reached skill level 4 in Axes
   713 | D:2      | Reached XP level 3. HP: 29/29 MP: 3/3
   783 | D:2      | Noticed Sigmund
   813 | D:2      | HP: 1/29 [Sigmund/magic dart (6)]
   817 | D:2      | Killed Sigmund
   817 | D:2      | Reached skill level 6 in Axes
   817 | D:2      | Reached XP level 4. HP: 2/35 MP: 2/4
   817 | D:2      | Reached XP level 5. HP: 2/41 MP: 2/5
   817 | D:2      | Reached XP level 6. HP: 2/47 MP: 2/6
  1315 | D:2      | Found a deep blue altar of Sif Muna.
  1315 | D:2      | Found a faded altar of an unknown god.
  1320 | D:2      | Found a faded altar of an unknown god.
  1322 | D:2      | Found a faded altar of an unknown god.
  1324 | D:2      | Found a faded altar of an unknown god.
  1534 | D:3      | Found a snail-covered altar of Cheibriados.
  2374 | D:3      | Reached skill level 7 in Axes
  2610 | D:4      | Noticed Edmund
  2661 | D:4      | HP: 1/70 [Edmund/dire flail of draining (5)]
  2662 | D:4      | Slain by Edmund

Skill      XL: |  1  2  3  4  5  6 |
---------------+-------------------+-----
Axes           | 4 6 7 |  7.0
Fighting       | |  3.2
Dodging        | |  2.6
Stealth        | |  2.4

Action                   |  1- 3 |  4- 6 || total
-------------------------+-------+-------++-------
Melee: Hand axe          |    83 |   215 ||   298
Invok: Heroism           |     2 |     1 ||     3
 Abil: Dig               |     3 |       ||     3
  Use: Scroll            |     6 |     2 ||     8
       Potion            |     2 |     2 ||     4
  Eat: Chunk             |       |     6 ||     6
Armor: Robe              |     9 |       ||     9
       Scale mail        |    24 |    90 ||   114
       Skin              |       |    18 ||    18
Dodge: Dodged            |    49 |    86 ||   135

Table legend:
 A = Turns spent in this place as a percentage of turns spent in the entire game.
 B = Non-inter-level travel turns spent in this place as a percentage of non-inter-level travel turns spent in the entire game.
 C = Inter-level travel turns spent in this place as a percentage of turns spent in this place.
 D = Turns resting spent in this place as a percentage of non-inter-level travel turns spent in this place.
 E = Turns spent auto-exploring this place as a percentage of non-inter-level travel turns spent in this place.
 F = Non-inter-level travel turns spent in this place divided by the number of levels of this place that you've seen.
                   A       B       C       D       E      F
               +-------+-------+-------+-------+-------+----------------------
         Total | 100.0 | 100.0 |   0.7 |   2.4 |  12.8 | 170.0
       Dungeon | 100.0 | 100.0 |   0.7 |   2.4 |  12.8 | 170.0
               +-------+-------+-------+-------+-------+----------------------

Table legend:
 A = Kills in this place as a percentage of kills in entire the game.
 B = Kills by you in this place as a percentage of kills by you in the entire game.
 C = Kills by friends in this place as a percentage of kills by friends in the entire game.
 D = Other kills in this place as a percentage of other kills in the entire game.
 E = Experience gained in this place as a percentage of experience gained in the entire game.
 F = Experience gained in this place divided by the number of levels of this place that you have seen.
                   A       B       C       D       E      F
               +-------+-------+-------+-------+-------+----------------------
         Total | 100.0 | 100.0 |  -nan |  -nan | 100.0 | 109.0
       Dungeon | 100.0 | 100.0 |  -nan |  -nan | 100.0 | 109.0
               +-------+-------+-------+-------+-------+----------------------

Vault maps used:
D:1:      nagdon_arrival_zigzag_paths, minmay_misc_feat_ornament, minivault_23,
          okawaru_ov_weapons_minmay
D:2:      chequers_temple_overflow_minitemple, first_bread, uniq_sigmund
D:3:      cheibriados_altar_1
D:4:      doesnt_xom_only_xom, uniq_duvessa, uniq_robin, uniq_edmund
